 Dungeon Sprint DCSS version 0.30-a0-118-ga018f8e90f (webtiles) character file.

Game seed: 3096486592835702326

7774 fingers the Fencer (level 11, -13/101 HPs)
             Began as a Minotaur Monk on Sept 13, 2022.
             Was a High Priest of Hepliaklqana.
             Mangled by a lorocyproca (25 damage)
             ... in the Dungeon (Sprint V: "Ziggurat Sprint").
             The game lasted 00:09:27 (1525 turns).

fingers the Fencer (Minotaur Monk)                  Turns: 1525, Time: 00:09:28

Health: -13/101    AC: 28    Str: 31    XL:     11   Next: 1%
Magic:  3/11       EV: 13    Int:  7    God:    Hepliaklqana [*****.]
Gold:   0          SH:  0    Dex: 14    Spells: 10/10 levels left

rFire   . . .      SeeInvis .    C - +11 plutonium sword {Contam Stlth-}
rCold   . . .      Faith    +    (shield currently unavailable)
rNeg    . . .      Spirit   .    F - +15 Maxwell's patent armour {-Cast -Tele rElec Will+ rCorr}
rPois   .          Reflect  .    (helmet restricted)
rElec   +          Harm     .    I - +2 cloak {Will+}
rCorr   +          Rampage  .    (no gloves)
Will    ++...      NoTele   +    (no boots)
Stlth   .......... NoCast   +    M - amulet of faith
HPRegen 0.00/turn                w - +6 ring of strength
MPRegen 0.12/turn                x - +6 ring of strength

@: confused, ambrosia-drunk, sick, studying Conjurations, unable to read
A: reduced essence, horns 2, retaliatory headbutt, deformed body, inability to
read after injury 1
a: Renounce Religion, Recall Ancestor, Ancestor Identity, Transference, Idealise


You were in the Dungeon.
You worshipped Hepliaklqana.
Hepliaklqana was extremely pleased with you.
You visited 1 branch

Inventory:

Hand Weapons
 a - a +5 demon whip
 B - a +5 triple sword
 C - the +11 plutonium sword (weapon) {Contam Stlth-}
   (You found it in the Dungeon)

   It occasionally inflicts wild transmutation effects on those it strikes,
   inflicting malmutation or extra damage, or polymorphing them into a new form.
   Contam:    It causes magical contamination when unequipped.
   Stlth:     It makes you less stealthy.
 D - the +13 scythe of Curses {drain, Drain}
   (You found it in the Dungeon)

   A truly terrible weapon, it drains the life of any living foe it strikes.
   It inflicts powerful necromantic curses on any living foe it strikes.
   Drain:     It drains your maximum health when unequipped.
 E - the +14 obsidian axe {vorpal, Mesm Drain Fly SInv}
   (You found it in the Dungeon)

   It inflicts extra damage upon your enemies.
   It occasionally summons demons to assist the wielder when it strikes in
   combat.
   Its wielder is mesmerised by any visible foes.
   It cannot be unequipped while any foes are visible.
   SInv:      It lets you see invisible.
   Fly:       It grants you flight.
   Drain:     It drains your maximum health when unequipped.
Armour
 q - the +15 plate armour of Aseom Asch {rF- rN++}
   (You found it in the Dungeon)

   rF:        It makes you vulnerable to fire.
   rN:        It greatly protects you from negative energy.
 A - a +5 crystal plate armour
 F - the +15 Maxwell's patent armour (worn) {-Cast -Tele rElec Will+ rCorr}
   (You found it in the Dungeon)

   rElec:     It insulates you from electricity.
   -Cast:     It prevents spellcasting.
   -Tele:     It prevents most forms of teleportation.
   rCorr:     It protects you from acid and corrosion.
   Will:      It increases your willpower.
 G - the +18 shield of the Gong {rElec rN+ Will+ EV-5}
   (You found it in the Dungeon)

   It is deafeningly noisy when blocking attacks.
   EV:        It affects your evasion (-5).
   rElec:     It insulates you from electricity.
   rN:        It protects you from negative energy.
   Will:      It increases your willpower.
 I - a +2 cloak of willpower (worn)
Jewellery
 g - the ring of the Gazing Queen {Fire rN++ Int+3 Slay-2}
   (You found it in the Dungeon)

   [ring of fire]

   It enhances your fire magic.
   Int:       It affects your intelligence (+3).
   Slay:      It affects your accuracy & damage with ranged weapons and melee
   (-2).
   rF:        It protects you from fire.
   rC:        It makes you vulnerable to cold.
   rN:        It greatly protects you from negative energy.
 r - a ring of flight
 s - a +6 ring of dexterity
 t - a +6 ring of dexterity
 u - a +6 ring of intelligence
 v - a +6 ring of intelligence
 w - a +6 ring of strength (left hand)
 x - a +6 ring of strength (right hand)
 H - the ring of Uchous {rN+ Will- rCorr MP+9 Dex+4}
   (You found it in the Dungeon)

   [ring of resist corrosion]

   Dex:       It affects your dexterity (+4).
   rN:        It protects you from negative energy.
   MP:        It affects your magic capacity (+9).
   rCorr:     It protects you from acid and corrosion.
   Will:      It decreases your willpower.
 K - the amulet of Midwinter {RegenMP Stlth+}
   (You found it in the Dungeon)

   [amulet of magic regeneration]

   It increases your rate of magic regeneration.
   Stlth:     It makes you more stealthy.
 L - a ring of ice
 M - an amulet of faith (around neck)
 N - a ring of wizardry
Wands
 y - a wand of mindburst (7)
 z - a wand of acid (7)
Scrolls
 h - 4 scrolls of blinking
 n - 4 scrolls of amnesia
 o - 6 scrolls of fog
 p - 5 scrolls of identify
Potions
 c - 10 potions of curing
 e - 9 potions of haste
 f - 7 potions of magic
 i - 2 potions of brilliance
 j - 2 potions of invisibility
 k - 4 potions of resistance
 l - a potion of experience
 m - 4 potions of might
Miscellaneous
 J - a box of beasts (inert)


   Skills:
 + Level 15.5 Fighting
 + Level 17.9 Long Blades
 + Level 11.9 Armour
 + Level 11.2 Dodging
 + Level 6.0 Stealth
 + Level 11.2 Unarmed Combat
 + Level 1.5 Invocations
 + Level 1.7 Evocations


You had 10 spell levels left.
You didn't know any spells.
Your spell library contained the following spells:

 Spells                   Type           Power      Damage    Failure   Level
 Sandblast                Erth           0%         2d4       96%         1
 Sting                    Tmut/Pois      0%         1d3       96%         1
 Cigotuvi's Dreadful Rot  Necr/Pois/Air  0%         N/A       99%         2
 Static Discharge         Conj/Air       0%         3-3/arc   99%         2
 Gell's Gravitas          Tloc           0%         N/A       100%        3
 Lesser Beckoning         Tloc           0%         N/A       100%        3
 Portal Projectile        Hex/Tloc       0%         N/A       100%        3
 Teleport Other           Tloc           0%         N/A       100%        3
 Dispel Undead            Necr           0%         3d6       100%        4
 Manifold Assault         Tloc           0%         N/A       100%        4
 Olgreb's Toxic Radiance  Pois           0%         N/A       100%        4
 Passage of Golubria      Tloc           0%         N/A       100%        4
 Sticky Flame             Conj/Fire      0%         2d3       100%        4
 Borgnjor's Vile Clutch   Necr/Erth      0%         N/A       100%        5
 Fireball                 Conj/Fire      0%         3d3       100%        5
 Iskenderun's Battlesphe  Conj           0%         2d6       100%        5
 Conjure Ball Lightning   Conj/Air       0%         3x3d6     100%        6
 Dispersal                Tloc           0%         N/A       100%        6
 Starburst                Conj/Fire      0%         6d3       100%        6
 Malign Gateway           Summ/Tloc      0%         N/A       100%        7
 Orb of Destruction       Conj           0%         9d5       100%        7
 Ozocubu's Refrigeration  Ice            0%         4d7       100%        7
 Discord                  Hex            0%         N/A       100%        8
 Disjunction              Tloc           0%         N/A       100%        8
 Ignition                 Fire           0%         3d3       100%        8
 Shatter                  Erth           0%         3d5*      100%        9


Dungeon Overview and Level Annotations

Branches:
Dungeon (1/1)

Altars:
Ashenzari
Cheibriados
Dithmenos
Elyvilon
Fedhas
Gozag
Hepliaklqana
Kikubaaqudgha
Makhleb
Nemelex Xobeh
Okawaru
Qazlal
Ru
Sif Muna
Trog
Uskayaw
Vehumet
Wu Jian
Xom
Yredelemnul
Zin
The Shining One
Jiyva
Lugonu


Innate Abilities, Weirdness & Mutations

Your life essence is reduced to manifest your ancestor. (-10% HP)
You have a pair of horns on your head.
You reflexively headbutt those who attack you in melee.
Armour fits poorly on your strangely shaped body.
You occasionally lose the ability to read scrolls when taking damage.


Message History

The ancient zyme hits you.
* * * LOW HITPOINT WARNING * * *
The smoke demon hits you but does no damage.
The smoke demon closely misses you.
The smoke demon hits you but does no damage.
Something hits you.
* * * LOW HITPOINT WARNING * * *
You feel your power leaking away. The ynoxinul gestures at you.
The iron shot hits you but does no damage.
The ufetubus barely misses you.
The ufetubus hits you but does no damage.
You're too confused to move!
Your larval shocksting beast hits the smoke demon!
Your larval shocksting beast completely misses the smoke demon.
The orb spider weaves a glowing orb of energy.
The wavering orb of destruction weakly hits the ufetubus!!
The ufetubus is blown up!
The ufetubus disappears in a puff of smoke!
The ancient zyme hits you.
* * * LOW HITPOINT WARNING * * *
The ancient zyme completely misses you.
The ufetubus hits you but does no damage. x2
Something hits you!
* * * LOW HITPOINT WARNING * * *
You feel your power leaking away.
The ynoxinul hits you but does no damage.
The smoke demon closely misses you.
The smoke demon hits you but does no damage. x2
You bump into the unnaturally hard rock wall.
The ufetubus barely misses you. The ufetubus closely misses you.
Your larval shocksting beast hits the smoke demon!
Your larval shocksting beast stings the smoke demon but does no damage.
The ancient zyme hits you but does no damage.
The ancient zyme hits you.
* * * LOW HITPOINT WARNING * * *
The smoke demon gestures at you. The ball of steam misses you.
Something hits you!!
You feel threatened and lose the ability to read scrolls!
You die...

▓.))"}.)).▓
▓..)=)|=..▓....[.[..▓
▓.........▓.......÷.▓
▓.........▓.........▓
▓.........▓.........▓
▓.......s.▓.........▓
▓..H.55§..▓.▓.....▓.▓
▓.▓535{5▓.▓....©....▓
▓..5x@35..▓▓▓▓▓▓▓▓▓▓▓
▓▓▓▓▓▓▓▓▓▓▓


You could see an ancient zyme, an orb spider, a smoke demon (ally target), a
ynoxinul, 7 ufetubi and a friendly larval shocksting beast (summoned, sick).

Vanquished Creatures
  A great orb of eyes (D)
  A fire crab (shapeshifter) (D)
  A sun demon (D)
  3 draconians (D)
  A black mamba (shapeshifter) (D)
  A naga mage (D)
  A hellwing (D)
  A meliai (shapeshifter) (D)
  A merfolk (D)
  A vampire (D)
  2 small abominations (D)
  3 fire elementals (D)
  A golden eye (shapeshifter) (D)
  2 neqoxecs (D)
  3 nagas (D)
  A water moccasin (D)
  A hell hound (D)
  2 phantoms (D)
  2 necrophages (D)
  A crimson imp (D)
  A quasit (D)
  4 orc priests (D)
  An orc wizard (D)
  An adder (D)
  A hexer (D)
  2 ufetubi (D)
  2 orcs (D)
  A bat zombie (D)
  A quokka skeleton (D)
44 creatures vanquished.

Vanquished Creatures (collateral kills)
  A shining eye (D)
  A komodo dragon (shapeshifter) (D)
  A red devil (D)
  A merfolk (D)
  2 nagas (D)
  A crimson imp (D)
  2 orc wizards (D)
  A white imp (D)
  2 ufetubi (D)
  An orc (D)
  A bat skeleton (D)
14 creatures vanquished.

Vanquished Creatures (others)
  A naga (D)
  2 hexers (D)
  A fire vortex (D)
4 creatures vanquished.

Grand Total: 62 creatures vanquished

Notes
Turn   | Place    | Note
-------+----------+-------------------------------------------
     0 | D        | fingers the Minotaur Monk began the quest for the Orb.
     0 | D        | Reached XP level 1. HP: 19/19 MP: 0/0
     0 | D        | Found a shimmering blue altar of Sif Muna.
     0 | D        | Found a bloodstained altar of Trog.
     0 | D        | Found a sacrificial altar of Ru.
     0 | D        | Found a stormy altar of Qazlal.
     0 | D        | Found an iron altar of Okawaru.
     1 | D        | Found a sparkling altar of Nemelex Xobeh.
     1 | D        | Found a blossoming altar of Fedhas.
     1 | D        | Found the +6 Majin-Bo {vamp, MP+6 Int+6}
     1 | D        | Found the +9 heavy crossbow "Sniper" {vorpal, Acc+∞ SInv}
     1 | D        | Found the +10 dark maul {vorpal}
     1 | D        | Found the +15 Maxwell's patent armour {-Cast -Tele rElec
                  | Will+ rCorr}
     1 | D        | Found the +18 shield of the Gong {rElec rN+ Will+ EV-5}
     1 | D        | Found the +14 obsidian axe {vorpal, Mesm Drain Fly SInv}
     1 | D        | Found the +7 great mace "Firestarter" {inner flame, rF++}
     1 | D        | Found the +6 shillelagh "Devastator" {shatter}
     1 | D        | Found the +11 plutonium sword {Contam Stlth-}
     1 | D        | Found the +8 lance "Wyrmbane" {slay drac, rPois rF+ rC+
                  | AC+3}
     1 | D        | Found the +9 sword of Zonguldrok {reap}
     1 | D        | Found the +13 scythe of Curses {drain, Drain}
     1 | D        | Found the +5 sword of Power {vorpal}
     1 | D        | Found the +7 mace of Variability {chain chaos}
     1 | D        | Found the +7 Singing Sword {vorpal, sonic wave}
     1 | D        | Found the +8 storm bow {elec, penet}
     3 | D        | Found a transporter.
     3 | D        | Found an ancient bone altar of Kikubaaqudgha.
     3 | D        | Found a viscous altar of Jiyva.
     3 | D        | Found a corrupted altar of Lugonu.
     3 | D        | Found a hazy altar of Hepliaklqana.
     3 | D        | Found a burning altar of Makhleb.
     3 | D        | Found an opulent altar of Gozag.
   155 | D        | Became a worshipper of Hepliaklqana the Forgotten
   155 | D        | Reached * piety under Hepliaklqana
   155 | D        | Reached ** piety under Hepliaklqana
   157 | D        | Remembered your ancestor Fongers as a hexer
   165 | D        | Entered arena 2.
   165 | D        | Noticed a merfolk
   165 | D        | Noticed a merfolk
   165 | D        | Found a transporter.
   169 | D        | Killed a merfolk
   170 | D        | Reached skill level 1 in Long Blades
   170 | D        | Reached XP level 2. HP: 13/32 MP: 1/1
   170 | D        | Reached XP level 3. HP: 14/36 MP: 2/2
   170 | D        | Reached XP level 4. HP: 18/44 MP: 3/3
   170 | D        | Reached XP level 5. HP: 20/50 MP: 4/4
   171 | D        | Killed a merfolk
   172 | D        | Reached skill level 3 in Long Blades
   172 | D        | Reached XP level 6. HP: 24/59 MP: 5/5
   361 | D        | Entered arena 3.
   361 | D        | Noticed a draconian
   361 | D        | Noticed a draconian
   361 | D        | Noticed a draconian
   361 | D        | Found a transporter.
   375 | D        | Killed a draconian
   376 | D        | Reached skill level 5 in Long Blades
   376 | D        | Reached skill level 1 in Armour
   376 | D        | Reached skill level 10 in Dodging
   376 | D        | Reached skill level 10 in Unarmed Combat
   376 | D        | Reached XP level 7. HP: 44/66 MP: 6/6
   379 | D        | Killed a draconian
   380 | D        | Reached skill level 6 in Long Blades
   380 | D        | Reached XP level 8. HP: 15/74 MP: 7/7
   385 | D        | Killed a draconian
   386 | D        | Reached skill level 8 in Long Blades
   396 | D        | Entered arena 4.
   396 | D        | Found a transporter.
   513 | D        | Got the ring of Uchous {rN+ Will- rCorr MP+9 Dex+4}
   617 | D        | Entered arena 5.
   617 | D        | Reached *** piety under Hepliaklqana
   617 | D        | Found a transporter.
   629 | D        | Entered arena 6.
   629 | D        | Found a transporter.
   638 | D        | Reached skill level 9 in Long Blades
   638 | D        | Reached skill level 5 in Stealth
   639 | D        | Reached skill level 5 in Armour
   639 | D        | Reached XP level 9. HP: 70/83 MP: 8/8
   641 | D        | Reached skill level 10 in Long Blades
   811 | D        | Got the Folio of the Traveller
   823 | D        | Entered arena 7.
   823 | D        | Found the +8 whip "Snakebite" {venom, curare, rPois}
   823 | D        | Reached **** piety under Hepliaklqana
   824 | D        | Found a transporter.
   844 | D        | Entered arena 8.
   845 | D        | Found a transporter.
   850 | D        | Reached skill level 11 in Long Blades
   863 | D        | Got the amulet of Midwinter {RegenMP Stlth+}
   868 | D        | Got the Tome of Virous Minerals
   892 | D        | Entered arena 9.
   892 | D        | Noticed a hellwing
   892 | D        | Noticed a sun demon
   892 | D        | Noticed a red devil
   892 | D        | Reached ***** piety under Hepliaklqana
   894 | D        | Found a transporter.
   898 | D        | Killed a red devil
   902 | D        | Killed a hellwing
   903 | D        | Reached skill level 12 in Long Blades
   905 | D        | Killed a sun demon
   906 | D        | Reached skill level 13 in Long Blades
  1105 | D        | Entered arena 10.
  1105 | D        | Noticed a komodo dragon
  1105 | D        | Noticed a shining eye
  1105 | D        | Noticed a wind drake
  1105 | D        | Noticed a fire crab
  1105 | D        | Noticed a black mamba
  1105 | D        | Noticed a black mamba
  1105 | D        | Gained mutation: You occasionally lose the ability to read
                  | scrolls when taking damage. [a neqoxec]
  1107 | D        | Gained mutation: Armour fits poorly on your strangely
                  | shaped body. [a neqoxec]
  1108 | D        | Found a transporter.
  1115 | D        | Killed a black mamba
  1115 | D        | a black mamba changed into a golden eye
  1116 | D        | Reached skill level 14 in Long Blades
  1116 | D        | Reached XP level 10. HP: 84/93 MP: 9/9
  1123 | D        | Reached skill level 10 in Armour
  1123 | D        | Killed a shining eye
  1124 | D        | Reached skill level 15 in Long Blades
  1124 | D        | Reached skill level 1 in Evocations
  1127 | D        | Killed a fire crab
  1136 | D        | Got the ring of the Gazing Queen {Fire rN++ Int+3 Slay-2}
  1149 | D        | Entered arena 11.
  1149 | D        | Noticed a naga mage
  1152 | D        | Found a transporter.
  1167 | D        | Reached skill level 16 in Long Blades
  1170 | D        | Killed a naga mage
  1171 | D        | Reached skill level 15 in Fighting
  1176 | D        | Reached skill level 17 in Long Blades
  1185 | D        | Got the +15 plate armour of Aseom Asch {rF- rN++}
  1501 | D        | Entered arena 12.
  1501 | D        | Noticed a great orb of eyes
  1501 | D        | Noticed an orb spider
  1501 | D        | Noticed a smoke demon
  1507 | D        | Killed a great orb of eyes
  1508 | D        | Reached skill level 1 in Invocations
  1518 | D        | Reached XP level 11. HP: 25/101 MP: 0/11
  1525 | D        | Mangled by a lorocyproca

Illustrated notes

Levels and vault maps discovered:
D:        sprint_v [room_start, room_1, room_2, room_3, room_4, room_5, room_6,
          room_7, room_8, room_9, room_10, room_11, room_12, room_13, room_14,
          room_15, room_16, room_17, room_18, room_19, room_20, room_21,
          room_22, room_23, room_24, room_25, room_26, room_27]

Skill      XL: |  1  2  3  4  5  6  7  8  9 10 |
---------------+-------------------------------+-----
Fighting       | 8 9 11 12 13 14 15 | 15.5
Long Blades    | 1 3 5 6 9 14 17 | 17.9
Dodging        | 7 8 10 11 | 11.2
Stealth        | 3 4 5 6 |  6.0
Unarmed Combat | 7 8 10 11 | 11.2
Armour         | 1 2 5 9 11 | 11.9
Evocations     | 1 |  1.7
Invocations    | 1 |  1.5

Action                   |  1- 3 |  4- 6 |  7- 9 | 10-12 || total
-------------------------+-------+-------+-------+-------++-------
Melee: Triple sword      |     1 |    11 |    45 |    41 ||    98
       Headbutt          |     1 |     1 |     7 |     7 ||    16
Invok: Ancestor Life: He |     1 |       |       |       ||     1
       Ancestor Identity |       |     1 |       |       ||     1
       Transference      |       |       |       |     2 ||     2
       Idealise          |       |       |       |     1 ||     1
Evoke: Box of beasts     |       |       |     2 |     2 ||     4
  Use: Potion            |       |     2 |     8 |     6 ||    16
       Scroll            |       |       |     2 |     1 ||     3
 Stab: Confused          |     1 |       |     1 |       ||     2
       Distracted        |       |       |     1 |       ||     1
Armor: Plate armour      |     3 |    20 |    80 |    81 ||   184
Dodge: Dodged            |     3 |    11 |    57 |    76 ||   147

Table legend: (Time is in decaauts)
 A = Elapsed time spent in this place.
 B = Non-inter-level travel time spent in this place.
 C = Inter-level travel time spent in this place.
 D = Time resting spent in this place.
 E = Time spent auto-exploring this place.
 F = Levels seen in this place.
 G = Mean time per level.
                   A        B        C        D        E       F      G
               +--------+--------+--------+--------+--------+-----+--------+
         Total |   1558 |   1558 |      0 |   1063 |      0 |   1 | 1558.0 |
       Dungeon |   1558 |   1558 |      0 |   1063 |      0 |   1 | 1558.0 |
               +--------+--------+--------+--------+--------+-----+--------+

Top non-repeatable levels by time:
       D: 1558 daAuts
